 Dungeon Crawl Stone Soup version 0.32-a0-39-g5c88369fb2 (webtiles) character file.

Game seed: 15126467221566211952

170 Morbidden the Shooter (level 5, 0/41 HPs)
             Began as a Barachi Hunter on Jan 25, 2024.
             Slain by Pargi (1 damage)
             ... in a sewer.
             The game lasted 00:02:25 (1635 turns).

Morbidden the Shooter (Barachi Hunter)              Turns: 1635, Time: 00:02:26

Health: 0/41       AC:  3    Str: 12    XL:     5   Next: 51%
Magic:  5/5        EV: 12    Int: 10    God:
Gold:   87         SH:  0    Dex: 17    Spells: 4/4 levels left

rFire   . . .        b - +0 dagger (venom)
rCold   . . .        (no shield)
rNeg    . . .        c - +0 leather armour
rPois   .            (no helmet)
rElec   .            (no cloak)
rCorr   .            (no gloves)
SInv    .            (no boots)
Will    .....        (no amulet)
Stlth   ++           g - ring of wizardry
HPRegen 0.26/turn    (no ring)
MPRegen 0.09/turn

%: wizardry (x1)
@: slow
A: amphibious, slowness 1, strong legs 1, +LOS
a: Hop


You were in a sewer.
You visited 1 branch of the dungeon, and saw 3 of its levels.
You also visited: Sewer.

You collected 87 gold pieces.

Inventory:

Hand Weapons
 a - a +0 shortbow
 b - a +0 dagger of venom (weapon)
 h - a +1 short sword of flaming
Armour
 c - a +0 leather armour (worn)
Jewellery
 g - a ring of wizardry (left hand)
 i - an amulet of magic regeneration
Scrolls
 e - a scroll of butterflies
Potions
 d - a potion of heal wounds {unknown}
 f - a potion of brilliance {unknown}
 j - a potion of magic {unknown}


   Skills:
 * Level 3.0 Fighting
 * Level 1.5 Short Blades
 * Level 5.8 Ranged Weapons
 * Level 1.0 Armour
 * Level 2.7 Dodging
 + Level 0.8 Stealth


You had 4 spell levels left.
You didn't know any spells.
Your spell library was empty.

Dungeon Overview and Level Annotations

Branches:
Dungeon (3/15)              Sewer (1/1)

Altars:

Shops:
D:2 :

Annotations:
Sewer Pargi


Innate Abilities, Weirdness & Mutations

You are amphibious.
You cover ground slowly.
You can hop short distances.
You have an extended range of vision and can be seen from far away.


Message History

You hit Pargi.
Pargi looks as sick as possible!
Pargi is moderately wounded.
Pargi bites you but does no damage. Pargi claws you but does no damage.
Pargi claws you.
You hit Pargi but do no damage.
Pargi looks as sick as possible!
Pargi is moderately wounded.
Pargi barely misses you. Pargi claws you but does no damage. Pargi claws you.
You hit Pargi.
Pargi looks as sick as possible!
Pargi is moderately wounded.
Pargi bites you. Pargi barely misses you. x2
You hit Pargi.
Pargi looks as sick as possible!
Pargi is moderately wounded.
Pargi closely misses you. Pargi claws you but does no damage.
Pargi closely misses you.
Unknown command.
You hit Pargi.
Pargi looks as sick as possible!
Pargi is heavily wounded.
Pargi bites you but does no damage. Pargi claws you. Pargi misses you.
Unknown command.
You hit Pargi.
Pargi looks as sick as possible!
Pargi is heavily wounded.
Pargi barely misses you. Pargi claws you. x2
You hit Pargi but do no damage.
Pargi looks as sick as possible!
Pargi is heavily wounded.
Pargi bites you. Pargi barely misses you. Pargi claws you.
Unknown command.
You closely miss Pargi.
Pargi is severely wounded.
You closely miss Pargi.
Pargi is severely wounded.
Pargi bites you!
* * * LOW HITPOINT WARNING * * *
Pargi closely misses you. x2
Unknown command.
You hit Pargi.
Pargi is almost dead.
Pargi bites you!
* * * LOW HITPOINT WARNING * * *
Pargi claws you but does no damage. Pargi claws you.
You die...

## ∩# .# .# ####### .#
##.....## .#
##...≈...## .#
##...≈≈≈...#######.####
#∩∩†≈≈≈≈≈...@T.†....†.#
##...≈≈≈...#######.####
##...≈...## .#
##.....## !# ####### .#
.. .. .. ...


You could see Pargi (extremely poisoned).

Vanquished Creatures
  A brain worm (Sewer)
  A gnoll (D:1)
  4 adders
  3 ribbon worms
  3 endoplasms
  3 giant cockroaches
  2 hobgoblins
  10 jackals
  2 quokkas (D:1)
  4 ball pythons (D:1)
  11 bats
  3 frilled lizards
  6 goblins
  3 kobolds
  3 rats
59 creatures vanquished.

Notes
Turn   | Place    | Note
-------+----------+-------------------------------------------
     0 | D:1      | Morbidden the Barachi Hunter began the quest for the Orb.
     0 | D:1      | Reached XP level 1. HP: 17/17 MP: 1/1
    80 | D:1      | Reached XP level 2. HP: 23/23 MP: 2/2
   114 | D:1      | Reached XP level 3. HP: 25/28 MP: 3/3
   527 | D:2      | Reached skill level 1 in Short Blades
   597 | D:2      | Reached skill level 5 in Ranged Weapons
   597 | D:2      | Reached XP level 4. HP: 34/34 MP: 4/4
   989 | D:2      | Found a faded altar of an unknown god.
  1289 | D:2      | Found Sixiar's Book Boutique.
  1514 | D:3      | Found a glowing drain.
  1524 | Sewer    | Entered a sewer
  1542 | Sewer    | Noticed a brain worm
  1550 | Sewer    | Killed a brain worm
  1551 | Sewer    | Reached skill level 1 in Armour
  1551 | Sewer    | Reached XP level 5. HP: 27/41 MP: 2/5
  1606 | Sewer    | Noticed Pargi
  1635 | Sewer    | HP: 1/41 [Pargi (7)]
  1635 | Sewer    | Slain by Pargi

Illustrated notes

Levels and vault maps discovered:
D:1:      heliophobic_arrival_battle_scene, layout_rooms
D:2:      layout_loops_ring, serial_shops, nicolae_shop_real_fake_doors,
          serial_aquarium, aquarium_bridge_square [aquarium_subvault_bridge,
          aquarium_subvault_bridge, aquarium_subvault_bridge,
          aquarium_subvault_window], aquarium_window_3, aquarium_window_double,
          aquarium_window_1, aquarium_view_2f, aquarium_balcony_double_1,
          hellmonk_ecumenical_altar_pennies_from_heaven
D:3:      layout_loops_ring, portal_sewer_entry_d, nrook_mini_backslash,
          grunt_ministairs_3
Sewer:    sewer_big_baddie

Skill      XL: |  1  2  3  4 |
---------------+-------------+-----
Short Blades   | 1 |  1.5
Ranged Weapons | 5 |  5.8
Fighting       | 3 |  3.0
Armour         | 1 |  1.0
Dodging        | |  2.7
Stealth        | |  0.8

Action                     |  1- 3 |  4- 6 || total
---------------------------+-------+-------++-------
  Melee: Dagger            |     5 |    17 ||    22
   Fire: Shortbow          |    81 |    94 ||   175
    Use: Scroll            |       |     1 ||     1
 Armour: Leather armour    |    16 |    58 ||    74
  Dodge: Dodged            |    26 |    61 ||    87

Table legend: (Time is in decaauts)
 A = Elapsed time spent in this place.
 B = Non-inter-level travel time spent in this place.
 C = Inter-level travel time spent in this place.
 D = Time resting spent in this place.
 E = Time spent auto-exploring this place.
 F = Levels seen in this place.
 G = Mean time per level.
                   A        B        C        D        E       F      G
               +--------+--------+--------+--------+--------+-----+--------+
         Total |   1910 |   1827 |     83 |      0 |   1410 |   4 |  477.5 |
       Dungeon |   1794 |   1711 |     83 |      0 |   1344 |   3 |  598.0 |
         Sewer |    116 |    116 |      0 |      0 |     66 |   1 |  116.0 |
               +--------+--------+--------+--------+--------+-----+--------+

Top non-repeatable levels by time:
     D:2: 1043 daAuts
     D:1: 601 daAuts
     D:3: 149 daAuts
   Sewer: 116 daAuts
